 Dungeon Crawl Stone Soup version 0.20-a0-11-ga97c7b5 (webtiles) character file.

12918 Softman25 the Impaler (level 12, -4/141 HPs)
             Began as a Merfolk Gladiator on Nov 2, 2016.
             Was a High Priest of Okawaru.
             Slain by a killer bee (8 damage)
             ... on level 11 of the Dungeon.
             The game lasted 00:41:40 (13994 turns).

Softman25 the Impaler (Merfolk Gladiator)          Turns: 13994, Time: 00:41:41

Health: -4/141     AC:  8    Str: 22    XL:     12   Next: 0%
Magic:  14/17      EV: 20    Int:  8    God:    Okawaru [*****.]
Gold:   617        SH:  0    Dex: 17    Spells: 2 memorised, 7 levels left

rFire  . . .     SeeInvis +     p - +0 glaive
rCold  + . .     Gourm    +     b - +0 leather armour
rNeg   . . .     Faith    .     (shield currently unavailable)
rPois  .         Spirit   .     c - +0 helmet
rElec  .         Reflect  .     C - +0 cloak
rCorr  .         Harm     .     (no gloves)
MR     .....                    n - +2 pair of boots
Stlth  ..........               t - amulet of the gourmand
                                B - ring of protection from cold
                                e - ring of see invisible

@: berserking, lethally poisoned (-4 -> -6), very quick
A: change form in water, swift swim, stealthy swim
a: Heroism, Finesse, Renounce Religion


You were on level 11 of the Dungeon.
You worshipped Okawaru.
Okawaru was extremely pleased with you.
You were completely stuffed.

You visited 1 branch of the dungeon, and saw 11 of its levels.

You collected 617 gold pieces.

Inventory:

Hand Weapons
 p - a +0 glaive (weapon)
 F - a +1 trident of flaming
Missiles
 d - 2 throwing nets (quivered)
 r - 8 silver tomahawks
 u - 6 javelins of returning
Armour
 b - a +0 leather armour (worn)
 c - a +0 helmet (worn)
 n - a +2 pair of boots (worn)
 C - a +0 cloak (worn)
Jewellery
 e - a ring of see invisible (left hand)
 l - an uncursed ring of stealth
 t - an amulet of the gourmand (around neck)
 B - a ring of protection from cold (right hand)
Wands
 a - a wand of flame (1/48)
 m - a wand of polymorph (9/24)
 D - a wand of paralysis (14/24)
 G - a wand of polymorph (11/24)
Scrolls
 k - 5 scrolls of remove curse {@r2}
 q - 2 scrolls of fear
 w - a scroll of magic mapping
 y - 2 scrolls of enchant weapon
 I - a scroll of blinking {unknown}
Potions
 g - 2 potions of flight
 j - a potion of magic
 s - a potion of haste
 v - a potion of brilliance
 A - 2 potions of mutation
Books
 o - a book of Cantrips

   Spells                             Type                      Level
   a - Confusing Touch                Hexes                        1
   b - Animate Skeleton               Necromancy                   1
   c - Summon Small Mammal            Summoning                    1
   d - Apportation                    Translocation                1
 z - a book of Necromancy

   Spells                             Type                      Level
   a - Pain                           Necromancy                   1
   b - Animate Skeleton               Necromancy                   1
   c - Vampiric Draining              Necromancy                   3
   d - Regeneration                   Charms/Necromancy            3
   e - Animate Dead                   Necromancy                   4
   f - Control Undead                 Necromancy                   4
 E - a book of Misfortune

   Spells                             Type                      Level
   a - Confusing Touch                Hexes                        1
   b - Confuse                        Hexes                        3
   c - Gell's Gravitas                Hexes/Translocation          3
   d - Petrify                        Transmutation/Earth          4
   e - Metabolic Englaciation         Hexes/Ice                    5
   f - Yara's Violent Unravelling     Hexes/Transmutation          5
 H - a book of Ice

   Spells                             Type                      Level
   a - Ice Form                       Ice/Transmutation            4
   b - Metabolic Englaciation         Hexes/Ice                    5
   c - Ozocubu's Refrigeration        Ice                          6
   d - Bolt of Cold                   Conjuration/Ice              6
   e - Freezing Cloud                 Conjuration/Ice/Air          6
   f - Simulacrum                     Ice/Necromancy               6
Comestibles
 f - 9 bread rations
 h - 10 meat rations
 M - a royal jelly


   Skills:
 - Level 8.7 Fighting
 - Level 18.5 Polearms
 - Level 2.0 Throwing
 - Level 11.0 Dodging
 + Level 7.1 Invocations


You had 7 spell levels left.
You knew the following spells:

 Your Spells              Type           Power        Failure   Level  Hunger
a - Apportation           Tloc           #.........   52%         1    ##.....
b - Regeneration          Chrm/Necr      #.........   97%         3    ####...


Dungeon Overview and Level Annotations

Branches:
Dungeon (11/15)            Temple (0/1) D:6            Lair (0/6) D:10
    Orc: D:9-12

Altars:
Ashenzari
Cheibriados
Elyvilon
Fedhas
Hepliaklqana
Makhleb
Nemelex Xobeh
Okawaru
Qazlal
Ru
Sif Muna
Vehumet
Xom
Yredelemnul
Zin
The Shining One

Shops:
D:4 *   D:6 *}   D:8 ?   D:9 (


Message History

The killer bee misses you. The killer bee stings you!
* * * LOW HITPOINT WARNING * * *
You are poisoned.
The killer bee poisons you!
You feel sick. The killer bee closely misses you.
The killer bee completely misses you. x2; The killer bee misses you.
You feel sick. The killer bee misses you. The killer bee completely misses you.
The killer bee barely misses you. The killer bee stings you.
* * * LOW HITPOINT WARNING * * *
Okay, then.
* * * LOW HITPOINT WARNING * * *
You feel sick. The killer bee misses you. x3
The killer bee stings you but does no damage.
It was a potion of berserk rage.
A red film seems to cover your vision as you go berserk!
Your finesse ends abruptly.
You feel yourself moving faster!
You feel mighty!
The killer bee is no longer berserk. x2; The killer bee barely misses you.
The killer bee closely misses you. The killer bee barely misses you. x2
The killer bee misses you. The killer bee stings you!
You die...

### ##........#.#.#.#.##† ..###
##........#...#...##. ....##
###...#####.#########.. .....###
##..##)....#### #.###.#
.......###..###........#####.#...
.......##..## ##..........###....
......##.### #...........##....
.....#..## #...........##....
.......## #@..........#.....
......## #yy...>...........
....### #................. ...##
#................. ..##
#................. .##
#.#............... ##
#.#............... #
#.#.............#. ###
#.##..........####


You could see 2 killer bees.

Vanquished Creatures
  Erica (D:8)
  The ghost of PurpleRed the Cleaver, a novice MiFi of Makhleb (D:8)
  An unseen horror (D:11)
  A cyclops (D:11)
  A spiny frog (D:10)
  A queen bee (D:11)
  3 trolls
  2 two-headed ogres
  A blink frog (D:10)
  Prince Ribbit (D:5)
  A wraith (D:11)
  A spriggan (D:10)
  9 yaks
  A vampire (D:10)
  Eustachio (D:5)
  A porcupine (D:10)
  3 sky beasts
  4 orc warriors
  A black bear (D:10)
  3 eyes of draining
  2 ice beasts
  3 phantoms
  3 centaurs
  9 ogres
  2 big kobolds
  10 bullfrogs
  25 killer bees
  6 scorpions
  A howler monkey (D:7)
  7 wights
  4 crimson imps
  2 bullfrog zombies
  A jelly (D:11)
  4 hounds
  17 orc wizards
  8 orc priests
  2 bullfrog skeletons
  Natasha (twice) (D:2)
  2 iguanas
  A hell rat (D:10)
  11 worker ants
  A hound zombie (D:6)
  A hound skeleton (D:7)
  7 gnolls
  A worker ant zombie (D:9)
  2 howler monkey skeletons
  11 adders
  3 shadow imps (D:7)
  2 adder skeletons
  An adder zombie (D:7)
  4 worms
  6 leopard geckos
  37 orcs
  6 bats
  5 giant cockroaches
  5 goblins
  5 hobgoblins
  15 jackals
  3 quokkas
  2 ball pythons
  8 frilled lizards
  A jackal skeleton (D:7)
  10 kobolds
  A leopard gecko skeleton (D:4)
  9 rats
306 creatures vanquished.

Notes
Turn   | Place    | Note
-------+----------+-------------------------------------------
     0 | D:1      | Softman25 the Merfolk Gladiator began the quest for the Orb.
     0 | D:1      | Reached XP level 1. HP: 16/16 MP: 1/1
   260 | D:1      | Reached skill level 5 in Polearms
   269 | D:1      | Reached XP level 2. HP: 8/22 MP: 2/2
   891 | D:2      | Noticed Natasha
   901 | D:2      | Killed Natasha
   901 | D:2      | Reached skill level 6 in Polearms
   901 | D:2      | Reached XP level 3. HP: 17/27 MP: 3/3
  1097 | D:2      | Found an iron altar of Okawaru.
  1101 | D:2      | Became a worshipper of Warmaster Okawaru
  1175 | D:2      | Found a basalt altar of Yredelemnul.
  1197 | D:2      | Reached XP level 4. HP: 24/33 MP: 4/4
  1311 | D:2      | Noticed Natasha
  1318 | D:2      | Killed Natasha
  1318 | D:2      | Reached skill level 7 in Polearms
  1929 | D:3      | Found a glowing golden altar of the Shining One.
  1970 | D:3      | Found a sparkling altar of Nemelex Xobeh.
  1986 | D:3      | Reached XP level 5. HP: 34/39 MP: 5/5
  1995 | D:3      | Found a deep blue altar of Sif Muna.
  2094 | D:3      | Reached skill level 8 in Polearms
  2526 | D:3      | Reached XP level 6. HP: 45/47 MP: 6/6
  2951 | D:4      | Reached skill level 5 in Dodging
  2988 | D:4      | Reached * piety under Okawaru
  3004 | D:4      | Learned a level 1 spell: Apportation
  3028 | D:4      | Reached skill level 9 in Polearms
  3049 | D:4      | Reached XP level 7. HP: 45/54 MP: 7/7
  3254 | D:4      | Found a hazy altar of Hepliaklqana.
  3277 | D:4      | Found Zin's Purification Station.
  3278 | D:4      | Found a glowing silver altar of Zin.
  3533 | D:5      | Entered Level 5 of the Dungeon
  3653 | D:5      | Noticed Prince Ribbit
  3672 | D:5      | Killed Prince Ribbit
  3672 | D:5      | Reached skill level 10 in Polearms
  4044 | D:5      | Noticed Eustachio
  4048 | D:5      | Reached XP level 8. HP: 58/61 MP: 8/8
  4053 | D:5      | Reached ** piety under Okawaru
  4053 | D:5      | Reached skill level 5 in Fighting
  4076 | D:5      | Killed Eustachio
  4315 | D:5      | Found a shattered altar of Ashenzari.
  4433 | D:6      | Found a stormy altar of Qazlal.
  4457 | D:6      | Found a burning altar of Makhleb.
  4457 | D:6      | Found a radiant altar of Vehumet.
  4547 | D:6      | Found Iticekh's General Store.
  4592 | D:6      | Found a shimmering altar of Xom.
  4653 | D:6      | Found Wesirat's Gadget Shoppe.
  5086 | D:6      | Reached skill level 11 in Polearms
  5772 | D:6      | Noticed a troll
  5780 | D:6      | Killed a troll
  5780 | D:6      | Reached XP level 9. HP: 71/71 MP: 9/9
  6217 | D:6      | Found a staircase to the Ecumenical Temple.
  6250 | D:6      | Reached *** piety under Okawaru
  6692 | D:6      | Reached skill level 12 in Polearms
  6811 | D:7      | Received a gift from Okawaru
  7078 | D:7      | Reached skill level 13 in Polearms
  7115 | D:7      | Learned a level 3 spell: Regeneration
  7612 | D:7      | Found a snail-covered altar of Cheibriados.
  7627 | D:7      | Found a sacrificial altar of Ru.
  7639 | D:7      | Found a blossoming altar of Fedhas.
  7769 | D:7      | Reached skill level 14 in Polearms
  8007 | D:8      | Found Itauvab's Magic Scroll Boutique.
  8685 | D:8      | Reached XP level 10. HP: 79/79 MP: 7/10
  8796 | D:8      | Found a stormy altar of Qazlal.
  8813 | D:8      | Reached skill level 15 in Polearms
  8821 | D:8      | Reached **** piety under Okawaru
  9032 | D:8      | Noticed PurpleRed's ghost (novice MiFi)
  9094 | D:8      | Noticed Erica
  9244 | D:8      | Killed PurpleRed's ghost
  9244 | D:8      | Received a gift from Okawaru
  9244 | D:8      | Reached skill level 16 in Polearms
  9355 | D:8      | Killed Erica
  9355 | D:8      | Received a gift from Okawaru
  9355 | D:8      | Reached skill level 17 in Polearms
 10435 | D:9      | Found Fiwigekh's Antique Weapon Shoppe.
 10448 | D:9      | Reached XP level 11. HP: 78/84 MP: 11/11
 10591 | D:9      | Found a white marble altar of Elyvilon.
 10819 | D:9      | Reached skill level 18 in Polearms
 10840 | D:9      | Reached skill level 10 in Dodging
 11127 | D:10     | Entered Level 10 of the Dungeon
 11333 | D:10     | Reached ***** piety under Okawaru
 11995 | D:10     | Found a staircase to the Lair.
 12142 | D:10     | Reached skill level 1 in Invocations
 12580 | D:11     | Received a gift from Okawaru
 12878 | D:11     | Noticed an unseen horror
 12901 | D:11     | Killed an unseen horror
 12901 | D:11     | Reached skill level 5 in Invocations
 13182 | D:11     | Noticed a cyclops
 13566 | D:11     | Killed a cyclops
 13980 | D:11     | Reached XP level 12. HP: 17/94 MP: 11/17
 13992 | D:11     | HP: 4/94 [killer bee (6)]
 13994 | D:11     | Slain by a killer bee

Vault maps used:
D:1:      minmay_arrival_radiant_lines
D:2:      old_standard_altar, marbit_many_paths, supply_closet_lemuel,
          uniq_natasha
D:3:      lemuel_crystal_altar, nicolae_overflow_crystal_walls,
          overflow_temple_1_default, first_bread
D:4:      kennysheep_little_box, zin_purify, st_stairs_11
D:5:      ashenzari_conservatory_becter, grunt_ministairs_9, uniq_eustachio,
          uniq_prince_ribbit1
D:6:      grunt_temple_overflow_lords_of_destruction, lemuel_doored_altar,
          serial_shops, shop, shop, lemuel_statue_altar
D:7:      minmay_overflow_temple_star_quad
D:8:      serial_shops, shop_fountains, grunt_qazlal_sundering, uniq_erica
D:9:      lemuel_round_altar, serial_shops, nicolae_shop_trees
D:10:     dpeg_lair_monsters, the_bakery
D:11:     special_room, bh_walls_and_bars

Skill      XL: |  1  2  3  4  5  6  7  8  9 10 11 |
---------------+----------------------------------+-----
Polearms       | 5 6 7 8 9 10 11 14 17 18 | 18.5
Fighting       | 3 4 6 7 8 |  8.7
Dodging        | 5 6 8 9 11 | 11.0
Invocations    | 7 |  7.1
Throwing       | |  2.0

Action                   |  1- 3 |  4- 6 |  7- 9 | 10-12 || total
-------------------------+-------+-------+-------+-------++-------
Melee: Trident           |    71 |    45 |       |       ||   116
       Spear             |       |   191 |    72 |       ||   263
       Glaive            |       |       |   327 |   582 ||   909
Throw: Throwing net      |       |       |     1 |     2 ||     3
       Tomahawk          |       |       |       |     9 ||     9
Invok: Heroism           |       |       |     3 |     5 ||     8
       Finesse           |       |       |       |     2 ||     2
  Use: Potion            |     1 |     1 |     3 |     5 ||    10
       Scroll            |       |     8 |     8 |     6 ||    22
 Stab: Sleeping          |       |     3 |     4 |     3 ||    10
       Distracted        |       |       |       |     4 ||     4
       Held in net/web   |       |       |       |     2 ||     2
  Eat: Chunk             |     1 |     5 |    22 |    26 ||    54
       Fruit             |       |     1 |       |       ||     1
       Beef jerky        |       |       |     3 |       ||     3
Armor: Leather armour    |     8 |     7 |    56 |    72 ||   143
       Skin              |       |       |       |     7 ||     7
Dodge: Dodged            |    42 |    97 |   293 |   497 ||   929
